AoeStats
← Carple

MegaRandom

504332212Analyzed
4v4 RM · 28d ago on Sep 4, 2026· 27m 33s· 8 players
Game mode
Random Map
Map size
Large (8 player)
Population
200
Speed
Normal
Resources
Standard
Victory
Conquest
Starting age
Dark Age
Ending age
Imperial Age
RankedLock teamsTeams togetherTeam positionsShared explorationLock speedFull tech treeHidden civsTurbo modeCheats
Victory
Defeat
🇩🇪 Bohemians · Germany
1091
+11
🇧🇷 Portuguese · Brazil
1050
+12
🇨🇴 Poles · Colombia
1045
+13
🇨🇦 Spanish · Canada
982
+15
🇷🇺 Turks · Russia
1012
-14
🇧🇪 Armenians · Belgium
965
-16
🇹🇷 Burgundians · Türkiye
964
-12
🇸🇮 Inca · Slovenia
942
-12
✪ Loading… ] 99%
8:31 Loom
11:01 Feudal Age
11:22 Horse Collar
12:06 Double-Bit Axe
19:48 Castle Age
21:11 Caravan
22:16 Heavy Plow
22:27 Bow Saw
22:59 Wheelbarrow
REALITY
Franchesko
11:50 Feudal Age
12:55 Double-Bit Axe
12:58 Horse Collar
13:14 Champi Runner
22:04 Castle Age
20:25 Gold Mining
20:57 Stone Mining
21:59 Scale Mail Armor
22:00 Padded Archer Armor
22:10 Forging
22:20 Fletching
22:55 Squires
23:31 Loom
23:35 Town Watch
26:48 Heavy Plow
Covid-19
12:32 Feudal Age
10:52 Loom
12:38 Feudal Age
13:51 Double-Bit Axe
13:33 Man-at-Arms
13:59 Arson
14:23 Horse Collar
15:42 Long Swordsman
25:22 Castle Age
23:52 Scale Mail Armor
24:51 Fletching
25:27 Padded Archer Armor
25:27 Stone Mining
Carple
2:44 Loom
11:32 Feudal Age
12:15 Double-Bit Axe
17:01 Castle Age
15:22 Stone Mining
19:26 Husbandry
20:26 Fletching
Ruler Bot
8:09 Loom
11:03 Feudal Age
14:39 Castle Age
12:30 Double-Bit Axe
12:28 Horse Collar
16:34 Heavy Plow
21:35 Wheelbarrow
21:50 Forging
21:46 Scale Barding Armor
22:11 Light Cavalry
23:01 Bloodlines
22:52 Husbandry
24:15 Iron Casting
26:15 Bow Saw
26:37 Gold Mining
wildknife_77
11:21 Feudal Age
9:38 Loom
17:21 Castle Age
17:31 Wheelbarrow
17:15 Double-Bit Axe
17:11 Horse Collar
20:02 Fervor
24:24 Ballistics
25:34 Treadmill Crane
27:39 Heavy Plow
Renannve
2:40 Loom
12:07 Feudal Age
13:23 Wheelbarrow
13:35 Fishing Lines
13:41 Fishing Lines
16:35 Castle Age
14:21 Horse Collar
14:28 Double-Bit Axe
17:00 Gold Mining
17:30 Heavy Plow
25:02 Bow Saw
Connection lost

Rejoining the realm…

Still unreachable

The connection could not be restored.

Session expired

The server has moved on; the page needs a fresh start.